[Event "76th Montenegro Championship 2024"]
[Site "Podgorica"]
[Date "2024.02.08"]
[Round "3.2"]
[White "Djukic, Nikola"]
[Black "Musovic, Armin"]
[Result "1-0"]
[ECO "B12"]
[WhiteElo "2529"]
[BlackElo "2268"]
[Annotator "TA"]
[PlyCount "87"]
[EventDate "2024.02.06"]
[EventType "swiss"]
[EventCountry "MNE"]
[SourceTitle "playchess.com"]
[Source "ChessBase"]
[SourceQuality "1"]
[TimeControl "40/5400+30:1800+30"]

1. e4 c6 2. d4 d5 3. e5 c5 4. Nf3 cxd4 5. Nxd4 Nc6 6. Nxc6 bxc6 {[%emt 0:00:03] Black is weak on the dark squares} 7. Bd3 Ba6 8. O-O {[%emt 0:04:50] White has an edge.} Bxd3 9. cxd3 e6 10. Be3 Ne7 11. Qa4 Qd7 12. Nd2 Ng6 13. f4 c5 14. Qxd7+ Kxd7 15. Nb3 d4 16. Bd2 Be7 17. Na5 Rab8 18. Nc4 Nh4 19. g3 Nf5 20. g4 Nh4 21. Be1 $1 h5 (21... Rbf8 $16 {might work better.}) 22. Bxh4 $18 Bxh4 23. g5 {[%emt 0:00:48] Black must now prevent Kg2.} f6 {[%emt 0:00:12] [#]} 24. gxf6 (24. Kg2 $1 $18 {aiming for gxf6.} Rhg8 25. b3 fxg5 26. Kh3) 24... gxf6 $11 25. f5 Rhg8+ 26. Kh1 fxe5 27. Nxe5+ Kd6 28. Nc4+ Kd5 29. fxe6 Kxe6 30. Rf4 Rg4 31. Rxg4 (31. Rf3 {is interesting.} Rbg8 32. Raf1 Rg2 33. Rf4) 31... hxg4 {[%emt 0:00:04][%mdl 4096] Endgame. KRB-KRN} 32. Rf1 Rh8 33. Kg2 {[%emt 0:00:18] Repels Bg3} Bf6 34. Re1+ Kd5 35. Rf1 Ke6 ({And not} 35... Be5 36. Rf5 Re8 (36... Rxh2+ 37. Kg1 $18) 37. Rg5 $16) 36. Kg3 Rh3+ 37. Kxg4 Rxd3 38. h4 Kd5 39. b3 Be5 {[%emt 0:00:08] [#]} (39... Bg7 $14) 40. h5 $1 $16 {[%emt 0:00:00] Nxe5 would now be deadly.} ({Don't play} 40. Rf5 $6 Rg3+ 41. Kh5 Re3 $11) 40... Bg7 (40... Rg3+ $16 {was worth a try.} 41. Kh4 Bc7) 41. Rf5+ $18 Kc6 $2 (41... Ke6 {keeps fighting.} 42. Rxc5 Rd1) 42. h6 $1 {[%emt 0:04:38] White is clearly winning.} Bh8 (42... Rd1 $142 43. hxg7 Rg1+ 44. Kf4 Rxg7 45. Ne5+ Kb7) 43. Rf8 Rd1 44. Rxh8 {[%emt 0:00:08] Weighted Error Value: White=0.07 (flawless) /Black=0.26 (precise) .  Missed win:     	White=1     	---        Mistake:       	---       	Black=5      Inaccurate:     	White=1     	Black=3      OK:         	White=17    	Black=16     Best:        	White=2     	Black=3      Strong:       	White=3     	---} 1-0

[Event "76th Montenegro Championship 2024"]
[Site "Podgorica"]
[Date "2024.02.08"]
[Round "3.3"]
[White "Nikcevic, Nebojsa"]
[Black "Draskovic, Luka"]
[Result "1/2-1/2"]
[ECO "D37"]
[WhiteElo "2338"]
[BlackElo "2481"]
[Annotator "TA"]
[PlyCount "28"]
[EventDate "2024.02.06"]
[EventType "swiss"]
[EventCountry "MNE"]
[SourceTitle "playchess.com"]
[Source "ChessBase"]
[SourceQuality "1"]
[TimeControl "40/5400+30:1800+30"]

1. d4 d5 2. c4 e6 3. Nc3 h6 4. Nf3 Nf6 5. Qc2 c5 {[%emt 0:06:24] The position is equal.} 6. e3 Nc6 7. dxc5 Bxc5 8. a3 d4 9. exd4 Nxd4 10. Nxd4 Qxd4 11. Bd3 Bd7 12. Ne4 Nxe4 13. Bxe4 O-O 14. Be3 Qe5 {[%emt 0:00:48] An uneventful encounter.   Weighted Error Value: White=0.04 (flawless) /Black=0.02 (flawless) .  OK:         	White=5     	Black=2      Best:        	---       	Black=1} 1/2-1/2

[Event "76th Montenegro Championship 2024"]
[Site "Podgorica"]
[Date "2024.02.08"]
[Round "3.4"]
[White "Milovic, Jovan"]
[Black "Smirnov, Artem"]
[Result "0-1"]
[ECO "A00"]
[WhiteElo "2223"]
[BlackElo "2406"]
[Annotator "RC"]
[PlyCount "70"]
[EventDate "2024.02.06"]
[EventType "swiss"]
[EventCountry "MNE"]
[SourceTitle "playchess.com"]
[Source "ChessBase"]
[SourceQuality "1"]
[TimeControl "40/5400+30:1800+30"]

1. g3 d5 2. Bg2 e5 3. d4 exd4 4. Qxd4 Nf6 5. Bg5 Be7 6. Nc3 c6 7. Nf3 O-O 8. O-O-O h6 9. h4 Qb6 10. Qd3 Na6 11. Nd4 Re8 12. Nf5 Bxf5 13. Qxf5 g6 14. Qh3 d4 15. Ne4 Nxe4 16. Bxe4 Ba3 17. bxa3 Rxe4 18. Bxh6 Nc5 19. g4 Na4 20. Qb3 Nc3 21. Rd2 Nxe2+ 22. Kb2 Rae8 23. f3 R4e5 24. a4 c5 25. Qxb6 axb6 26. Kb3 Nc3 27. h5 g5 28. f4 gxf4 29. Bxf4 Re4 30. Rf1 Ra8 31. h6 Rxa4 32. a3 c4+ 33. Kb2 Ne2 34. Bg5 c3+ 35. Kb3 cxd2 0-1

[Event "76th Montenegro Championship 2024"]
[Site "Podgorica"]
[Date "2024.02.08"]
[Round "3.5"]
[White "Vujovic, Savo"]
[Black "Sukovic, Andrej"]
[Result "0-1"]
[ECO "B56"]
[WhiteElo "2137"]
[BlackElo "2339"]
[Annotator "TA"]
[PlyCount "56"]
[EventDate "2024.02.06"]
[EventType "swiss"]
[EventCountry "MNE"]
[SourceTitle "playchess.com"]
[Source "ChessBase"]
[SourceQuality "1"]
[TimeControl "40/5400+30:1800+30"]

1. e4 c5 2. Nf3 d6 3. d4 cxd4 4. Nxd4 Nf6 5. Nc3 Nbd7 6. g4 {[%emt 0:08:12] Strongly threatening g5.} h6 7. Be3 a6 8. f3 {[%emt 0:01:44] White is slightly better.} e6 9. Qd2 b5 10. a3 Bb7 11. h4 (11. O-O-O $14) 11... Nb6 ({Black should try} 11... d5 $11) 12. Qf2 (12. O-O-O $14) 12... Nfd7 $11 13. Rg1 ({White should play} 13. g5) 13... Rc8 14. g5 {[%emt 0:00:55] [#]} Rxc3 $1 15. bxc3 {[%emt 0:00:30] g6 is the strong threat.} Qc7 16. Qd2 (16. Rb1 $11) 16... hxg5 $17 17. hxg5 g6 $1 18. c4 Nxc4 19. Bxc4 Qxc4 20. Qd3 Qc7 21. Rd1 (21. O-O-O $17) 21... d5 $19 22. exd5 {[%emt 0:02:44][%cal Od4e6] [#] Black must now prevent Nxe6!} Bxd5 {[%emt 0:00:06] ...Ne5 would now be deadly.} 23. Bd2 $2 (23. f4) 23... Bd6 24. Qc3 $2 (24. f4) 24... Bg3+ 25. Kf1 Bc4+ {[%emt 0:00:19] A strong pair of Bishops.} 26. Ne2 Bxe2+ {[%emt 0:01:21] Black mates.} 27. Kxe2 Rh2+ 28. Kd3 Nc5+ {[%emt 0:00:23] Weighted Error Value: White=0.84/Black=0.17 (very precise) .  Mistake:       	White=7     	Black=1      Inaccurate:     	White=1     	Black=1      OK:         	White=3     	Black=8      Best:        	White=2     	Black=3      Strong:       	---       	Black=1} 0-1

[Event "76th Montenegro Championship 2024"]
[Site "Podgorica"]
[Date "2024.02.08"]
[Round "3.6"]
[White "Djurovic, Peko"]
[Black "Petrov, Nikita"]
[Result "0-1"]
[ECO "C89"]
[WhiteElo "2332"]
[BlackElo "2563"]
[Annotator "TA"]
[PlyCount "68"]
[EventDate "2024.02.06"]
[EventType "swiss"]
[EventCountry "MNE"]
[SourceTitle "playchess.com"]
[Source "ChessBase"]
[SourceQuality "1"]
[TimeControl "40/5400+30:1800+30"]

1. e4 e5 2. Nf3 Nc6 3. Bb5 a6 4. Ba4 Nf6 5. O-O Be7 6. Re1 b5 7. Bb3 O-O 8. c3 d5 9. exd5 Nxd5 10. Nxe5 Nxe5 11. Rxe5 c6 12. d4 Bd6 13. Re1 Qh4 14. g3 Qh3 15. Re4 g5 16. Qf1 (16. Bxg5 $2 Qf5 17. Nd2 (17. Bxd5 $2 cxd5 18. Re3 Qxg5 $19) 17... Qxg5 $19) 16... Qh5 17. Nd2 Nf4 $2 18. Rxf4 $2 (18. gxf4 $18 gxf4 19. Qe2 Qg6+ 20. Kf1) 18... Bxf4 $11 (18... gxf4 $6 19. Ne4 Qh6 20. Nxd6 Qxd6 21. Bxf4 $16 (21. gxf4 $2 Bf5 $17)) 19. gxf4 (19. Ne4 $1 $11 {keeps the balance.} Qg6 20. gxf4 Qxe4 21. fxg5 (21. f3 Qg6 $15)) 19... Bh3 $17 20. Bd1 {[%emt 0:36:27] [#]} Qh4 {[%emt 0:14:54] Black is more active.} (20... Qh6 $1 $17 21. Qd3 Rae8) 21. Qe2 gxf4 22. Ne4 {[%emt 0:02:16] [#] Repels Qg5+} ({Avoid the trap} 22. Qh5 $2 Rfe8 $19) (22. Qf3 $1 $11 {was the only way to keep the balance.} Kh8 23. Ne4 (23. Qxc6 {gets mated.} Rg8+ 24. Kh1 Qxf2 25. Qf6+ Rg7) (23. Kh1 $2 Rae8 $19)) 22... f5 $1 23. Bxf4 $2 (23. Bb3+ {is more resistant.} Kh8 24. Ng3) 23... Qxf4 $19 24. Ng3 Rae8 25. Bb3+ Kh8 26. Qh5 Qg4 (26... Bg4 27. Qh4 Qd2) 27. Qxg4 Bxg4 28. f4 h5 {[%emt 0:00:44] ...h4 would now be deadly.} 29. h4 $2 (29. h3 {only move.} Re3 (29... Bxh3 $2 30. Kf2 $19) 30. hxg4 Rxg3+ 31. Kf2 Rxg4 32. Rh1) 29... Re3 30. Kg2 Rfe8 {[%emt 0:02:11] White must now prevent ...Rd3.} 31. Rf1 Kg7 32. Rf2 Kf6 33. Nf1 $2 (33. a3) 33... Bh3+ 34. Kg1 Re1 {[%emt 0:00:18] Weighted Error Value: White=0.86/Black=0.61.  Loses game:     	---       	Black=1      Missed win:     	White=1     	---        Mistake:       	White=5     	Black=2      Inaccurate:     	White=3     	---        OK:         	White=3     	Black=4      Best:        	White=2     	Black=3      Strong:       	---       	Black=1} 0-1

[Event "76th Montenegro Championship 2024"]
[Site "Podgorica"]
[Date "2024.02.08"]
[Round "3.7"]
[White "Drasko, Milan"]
[Black "Krstonijevic, Stjepan"]
[Result "1/2-1/2"]
[ECO "A07"]
[WhiteElo "2339"]
[BlackElo "2108"]
[Annotator "TA"]
[PlyCount "60"]
[EventDate "2024.02.06"]
[EventType "swiss"]
[EventCountry "MNE"]
[SourceTitle "playchess.com"]
[Source "ChessBase"]
[SourceQuality "1"]
[TimeControl "40/5400+30:1800+30"]

1. Nf3 d5 2. g3 Nf6 3. Bg2 c6 4. O-O Bg4 5. d3 Nbd7 6. Qe1 e5 7. e4 dxe4 8. dxe4 a5 9. Nbd2 h6 10. b3 Bb4 {[%emt 0:06:56] The position is equal.} 11. Bb2 O-O 12. a3 Bxf3 13. Bxf3 Bxd2 14. Qxd2 Qb6 15. Rad1 Rfe8 16. Rfe1 Nf8 17. Qe3 Qc7 18. Be2 Rad8 19. f3 Ng6 20. Rxd8 Rxd8 21. Rd1 Rxd1+ {[%emt 0:00:18] White is slightly better.} 22. Bxd1 Nd7 23. Be2 Qd6 24. Qd3 Qc7 25. Bc3 b6 26. Qd2 Nc5 27. Kg2 Ne6 28. Bc4 Ngf8 29. a4 Nc5 30. Bb2 Nfe6 {[%emt 0:00:30] Weighted Error Value: White=0.06 (flawless) /Black=0.07 (flawless) .  Inaccurate:     	White=1     	Black=1      OK:         	White=7     	Black=8} 1/2-1/2

[Event "76th Montenegro Championship 2024"]
[Site "Podgorica"]
[Date "2024.02.08"]
[Round "3.8"]
[White "Skvortsov, Andrei"]
[Black "Miletic, Vuk"]
[Result "1/2-1/2"]
[ECO "B21"]
[WhiteElo "2307"]
[BlackElo "2213"]
[Annotator "TA"]
[PlyCount "39"]
[EventDate "2024.02.06"]
[EventType "swiss"]
[EventCountry "MNE"]
[SourceTitle "playchess.com"]
[Source "ChessBase"]
[SourceQuality "1"]
[TimeControl "40/5400+30:1800+30"]

1. e4 c5 2. d4 cxd4 3. Qxd4 Nc6 4. Qd3 Nf6 5. Nc3 e6 6. Bf4 a6 7. O-O-O (7. Nf3 $11) 7... b5 $15 8. e5 {[%emt 0:00:03] Black has an edge.} Qc7 9. Qf3 (9. exf6 Qxf4+ 10. Kb1 Qxf6 $19 (10... Qxf2 11. Nf3 $11)) 9... Ng8 10. Ne4 Bb7 11. Nd6+ Bxd6 12. exd6 Qa5 13. Qg3 Kf8 (13... Qxa2 $2 {perishes.} 14. Qxg7 Qa4 (14... Qa1+ $2 15. Kd2 $18) 15. Ne2 $18 (15. Qxh8 Qxf4+ 16. Kb1 O-O-O $18)) 14. Kb1 Nf6 {[%emt 0:02:09] Threatens to win with ...Ne4.} 15. Bd2 $1 {[%emt 0:01:36] [#] The position is equal.} Ne4 $1 16. Bxa5 Nxg3 17. hxg3 Nxa5 18. a4 bxa4 19. Rh4 Bc6 20. Nf3 {Not much happened in this game.   Weighted Error Value: White=0.07 (flawless) /Black=0.03 (flawless) .  Mistake:       	White=1     	---        OK:         	White=6     	Black=10     Best:        	White=2     	Black=2      Strong:       	White=1     	---} 1/2-1/2

[Event "76th Montenegro Championship 2024"]
[Site "Podgorica"]
[Date "2024.02.08"]
[Round "3.9"]
[White "Kalezic, Blazo"]
[Black "Nenezic, Danilo"]
[Result "1/2-1/2"]
[ECO "C10"]
[WhiteElo "2407"]
[BlackElo "2086"]
[Annotator "TA"]
[PlyCount "76"]
[EventDate "2024.02.06"]
[EventType "swiss"]
[EventCountry "MNE"]
[SourceTitle "playchess.com"]
[Source "ChessBase"]
[SourceQuality "1"]
[TimeControl "40/5400+30:1800+30"]

1. d4 d5 2. Nc3 e6 3. e4 dxe4 4. Nxe4 Nd7 5. Nf3 Ngf6 6. Nxf6+ Nxf6 7. Be3 Nd5 8. c3 Be7 9. Bd3 c5 10. Qc2 Nxe3 11. fxe3 cxd4 12. exd4 h6 13. O-O O-O 14. Ne5 {[%emt 0:01:10] Bh7+ would now be deadly.} Bf6 ({Better is} 14... f5) 15. Rae1 {[%emt 0:00:50] White has more active pieces. The black rooks are passive.} Bd7 $2 {[%emt 0:03:30] [#]} (15... Bxe5 $16 16. Rxe5 Qb6) 16. Nxd7 $2 (16. Bh7+ $1 $18 Kh8 17. Rxf6) 16... Qxd7 $14 {[%emt 0:00:23] Black is weak on the light squares} 17. Qe2 Rfd8 (17... Qd5 $14) 18. Rf3 Qd5 19. a3 Rd7 20. Ref1 Bg5 21. g3 Rf8 22. Bb1 Bd8 23. Qc2 (23. a4 $16) 23... g6 $11 24. Qe2 Re8 25. Bd3 (25. b4 $14 {should be considered.}) 25... a6 {[%emt 0:02:03] The position is equal.} 26. Bc4 Qd6 27. Qe4 {[%emt 0:00:48][%cal Of3f7] [#] Rxf7! would kill now.} Kg7 28. Qe2 Bc7 29. Bb3 f5 30. Rd1 Rde7 31. Re3 e5 32. Rxe5 $1 ({Wrong is} 32. dxe5 $2 Qb6 33. Ba4 Rxe5 34. Bxe8 Rxe3 $19 (34... Qxe3+ 35. Qxe3 Rxe3 36. Rd7+ Kf6 37. Rxc7 $16)) 32... Rxe5 33. dxe5 Qc5+ ({Of course not} 33... Qb6+ $6 34. Kg2 Re7 35. Qc4 Qc6+ 36. Qxc6 bxc6 37. e6 $16) 34. Kg2 Bxe5 35. Rd5 Qc6 36. Qc4 Qxc4 37. Bxc4 Re7 {[%emt 0:00:10] Wards off Rd7} 38. a4 h5 {[%emt 0:00:27] Weighted Error Value: White=0.21 (precise) /Black=0.14 (very precise) .  Loses game:     	---       	Black=1      Missed win:     	White=1     	---        Mistake:       	White=2     	Black=2      Inaccurate:     	White=1     	Black=2      OK:         	White=6     	Black=14     Best:        	---       	Black=1      Strong:       	White=1     	---} 1/2-1/2

[Event "76th Montenegro Championship 2024"]
[Site "Podgorica"]
[Date "2024.02.08"]
[Round "3.10"]
[White "Ivanovic, Bozidar"]
[Black "Djukanovic, Sreten"]
[Result "1/2-1/2"]
[ECO "B86"]
[WhiteElo "2403"]
[BlackElo "2068"]
[Annotator "TA"]
[PlyCount "30"]
[EventDate "2024.02.06"]
[EventType "swiss"]
[EventCountry "MNE"]
[SourceTitle "playchess.com"]
[Source "ChessBase"]
[SourceQuality "1"]
[TimeControl "40/5400+30:1800+30"]

1. e4 c5 2. Nf3 d6 3. d4 cxd4 4. Nxd4 Nf6 5. Nc3 a6 6. Bc4 e6 7. Bb3 Nbd7 8. Bg5 Nc5 9. Qf3 Be7 10. O-O-O Qc7 11. Kb1 O-O 12. Rhe1 b5 13. Qg3 {[%emt 0:10:49] [#]} (13. Bxf6 $1 $11 Bxf6 14. e5 dxe5 15. Ndxb5) 13... b4 $1 $17 14. Bxf6 ({But not} 14. Bh6 $2 Nh5 (14... bxc3 15. Qxg7#) 15. Nd5 exd5 $19) 14... Bxf6 15. Na4 Bb7 {[%emt 1:01:47] Weighted Error Value: White=0.21 (precise) /Black=0.06 (flawless) .  Mistake:       	White=1     	Black=1      Inaccurate:     	---       	Black=1      OK:         	White=3     	Black=1      Best:        	White=1     	---        Strong:       	---       	Black=1} (15... Rd8 $17 16. Nf3 Bb7) 1/2-1/2

[Event "76th Montenegro Championship 2024"]
[Site "Podgorica"]
[Date "2024.02.08"]
[Round "3.11"]
[White "Skvortsova, Alena"]
[Black "Tomic, Aleksandar"]
[Result "1/2-1/2"]
[ECO "B03"]
[WhiteElo "2111"]
[BlackElo "2398"]
[Annotator "TA"]
[PlyCount "165"]
[EventDate "2024.02.06"]
[EventType "swiss"]
[EventCountry "MNE"]
[SourceTitle "playchess.com"]
[Source "ChessBase"]
[SourceQuality "1"]
[TimeControl "40/5400+30:1800+30"]

1. e4 Nf6 2. e5 Nd5 3. d4 d6 4. c4 Nb6 5. f4 Bf5 6. Nc3 e6 7. Nf3 dxe5 8. fxe5 Nc6 9. Be3 Bb4 10. Rc1 Bg4 11. Be2 Bxf3 12. gxf3 Qh4+ 13. Bf2 Qf4 14. c5 Nd5 15. a3 Bxc3+ 16. bxc3 O-O 17. Qd2 Na5 18. Qxf4 Nxf4 19. Be3 Nxe2 20. Kxe2 b6 21. c4 Rfb8 22. cxb6 axb6 23. Rc3 Nc6 24. f4 Ra5 25. Rd1 Ne7 26. Kf3 h6 27. Ke4 Ra4 28. Rb1 Rba8 29. Bc1 Kf8 30. Rb4 R4a5 31. Rd3 Nc6 32. Rbb3 Ra4 33. Rdc3 g6 34. Be3 h5 35. Bf2 Ke8 36. Bh4 Kd7 37. Kd3 R8a5 38. Bg5 Ra8 (38... Na7 $15 39. Bh6 Ke8) 39. Bf6 ({White should try} 39. Bh4 $1 $11) 39... R8a6 40. Bg5 Na7 41. Ke3 (41. Bh6 $15) 41... c6 ({Black should play} 41... R6a5 $17 {aiming for ...b5.} 42. Bh4 b5) 42. Bh6 $1 $11 Ke8 43. Bg5 R4a5 44. Kd2 Ra4 45. Kc2 Kd7 46. Kb2 b5 47. Bh6 bxc4 48. Rb7+ Kc8 49. Rxf7 Rb6+ 50. Kc1 $1 h4 51. Bf8 Nb5 52. Rh3 Rb7 53. Rxb7 Kxb7 54. Bc5 c3 55. Rxh4 Nxd4 (55... Nxa3 56. Rh7+ Kc8 57. Bxa3 (57. Re7 Nb5 $11) 57... Rxa3 58. Kc2 $18) 56. Bxd4 Rxd4 57. Kc2 Kb6 58. Kxc3 Kc5 59. Rg4 Kd5 60. h3 c5 61. h4 Re4 62. Kd3 Ra4 63. Kc2 Rxa3 64. Rxg6 Rh3 65. Rh6 Rf3 66. Rf6 Rh3 67. Rh6 Rh1 68. h5 Rh4 69. Rf6 Rxh5 70. Rf8 Rh2+ 71. Kc3 Rh3+ 72. Kc2 Rf3 73. Rf7 Kd4 74. Rf6 Rf2+ 75. Kd1 Kd5 76. Ke1 Ra2 77. Kd1 c4 78. f5 exf5 79. e6 Ra8 80. e7 Re8 81. Rxf5+ Ke6 82. Rc5 Rxe7 83. Rxc4 1/2-1/2

[Event "76th Montenegro Championship 2024"]
[Site "Podgorica"]
[Date "2024.02.08"]
[Round "3.12"]
[White "Kandic, Milojko"]
[Black "Vujosevic, Vladimir"]
[Result "1/2-1/2"]
[ECO "E01"]
[WhiteElo "2046"]
[BlackElo "2335"]
[Annotator "TA"]
[PlyCount "79"]
[EventDate "2024.02.06"]
[EventType "swiss"]
[EventCountry "MNE"]
[SourceTitle "playchess.com"]
[Source "ChessBase"]
[SourceQuality "1"]
[TimeControl "40/5400+30:1800+30"]

1. d4 Nf6 2. Nf3 d5 3. c4 e6 4. Nc3 Be7 5. g3 dxc4 6. Qa4+ Nbd7 7. Qxc4 a6 8. a4 (8. Bf4 $11) 8... c5 (8... b5 $1 $15 9. Qc6 (9. axb5 $2 {perishes.} axb5 10. Rxa8 bxc4 $19) 9... Ra7) 9. a5 b5 10. axb6 Nxb6 11. Qb3 (11. Qd3 $15) 11... cxd4 $17 12. Nxd4 Qxd4 13. Be3 {[%emt 0:00:00] [#]} Qb4 (13... Qd7 $1 $17 {[%cal Rd7c6] Strongly threatening ...Qc6.} 14. Qxb6 Bb7) 14. Qxb4 $11 Bxb4 15. Bxb6 Bb7 {[%emt 0:00:24] Inhibits Bg2.} ({Of course not} 15... Bxc3+ 16. bxc3 Bb7 17. f3 $11) 16. f3 Nd7 17. Ba5 Bxa5 18. Rxa5 Ke7 19. e4 Rhc8 20. Kd2 Nc5 {[%emt 0:03:14] [#] And now ...Nb3+ would win.} 21. Ke3 Rc7 22. Be2 Rb8 23. Rc1 Rbc8 24. Ra3 {[%emt 0:00:00] Inhibits Nb3.} f6 25. Rd1 Rc6 26. Rd4 Rb6 27. b4 Nd7 28. Na4 Rd6 29. Rad3 Rxd4 {[%emt 0:00:24] The position is equal.} 30. Rxd4 Rc1 31. Kd2 Rc7 32. Rd3 Bc8 33. Rc3 Rxc3 34. Kxc3 {[%emt 0:00:07][%mdl 4096] Endgame. KBN-KBN} Kd6 35. Kd4 Kc6 36. f4 e5+ 37. Kc3 Nb6 38. Nb2 Kd6 39. Nc4+ Nxc4 40. Bxc4 {[%emt 0:00:00] Weighted Error Value: White=0.11 (very precise) /Black=0.09 (flawless) .  Mistake:       	White=2     	Black=2      Inaccurate:     	White=1     	---        OK:         	White=11    	Black=12     Best:        	White=3     	Black=2} 1/2-1/2

[Event "76th Montenegro Championship 2024"]
[Site "Podgorica"]
[Date "2024.02.08"]
[Round "3.13"]
[White "Koljevic, Nikolina"]
[Black "Draganic, Veljko"]
[Result "1/2-1/2"]
[ECO "B12"]
[WhiteElo "1974"]
[BlackElo "2323"]
[Annotator "RC"]
[PlyCount "180"]
[EventDate "2024.02.06"]
[EventType "swiss"]
[EventCountry "MNE"]
[SourceTitle "playchess.com"]
[Source "ChessBase"]
[SourceQuality "1"]
[TimeControl "40/5400+30:1800+30"]

1. e4 c6 2. d4 d5 3. e5 c5 4. dxc5 e6 5. Be3 Nd7 6. Bb5 Qc7 7. Nf3 Bxc5 8. Bxc5 Qxc5 9. Qe2 Ne7 10. O-O Nc6 11. Nc3 O-O 12. a3 Nd4 13. Nxd4 Qxd4 14. Rfe1 Qb6 15. Rab1 a6 16. Bxd7 Bxd7 17. Na2 Rac8 18. Nb4 Rc7 19. c3 Ba4 20. Qe3 Qxe3 21. Rxe3 a5 22. Nd3 Rfc8 23. Rbe1 h6 24. Nf4 Bb5 25. Ne2 Bxe2 26. R3xe2 b5 27. Re3 Rc4 28. Kf1 Kf8 29. Rd1 b4 30. cxb4 axb4 31. Ke2 bxa3 32. bxa3 g5 33. Rd2 Kg7 34. f3 h5 35. Rb3 Kg6 36. Kd3 R8c7 37. Ra2 Ra7 38. Rc3 Rca4 39. Kc2 Kf5 40. Re3 Kf4 41. Kd2 h4 42. Ke2 Rc4 43. Kf2 Rac7 44. Ree2 Kf5 45. Rad2 Rc3 46. g4+ hxg3+ 47. hxg3 Rxa3 48. g4+ Kg6 49. Ra2 Rcc3 50. Rxa3 Rxa3 51. Rb2 Ra6 52. Rb8 Kg7 53. Rb7 Ra2+ 54. Ke3 Ra3+ 55. Ke2 Kg6 56. Re7 Ra6 57. Ke3 Ra4 58. Re8 Kg7 59. Re7 Kf8 60. Rb7 Ra3+ 61. Ke2 Kg7 62. Re7 d4 63. Rd7 Re3+ 64. Kf2 Rxe5 65. Rxd4 Kf6 66. Ra4 Rd5 67. Re4 Ra5 68. Kg3 Ra2 69. Re1 Rd2 70. Re4 Ke7 71. Ra4 Re2 72. Ra5 Kf6 73. Ra8 Kg7 74. Ra7 Kg6 75. Ra8 f5 76. gxf5+ exf5 77. Rg8+ Kh6 78. Rf8 f4+ 79. Kg4 Kg6 80. Rg8+ Kf6 81. Rf8+ Kg7 82. Ra8 Rg2+ 83. Kf5 Rg3 84. Ra6 Rxf3 85. Kxg5 Rf1 86. Rg6+ Kh7 87. Rh6+ Kg7 88. Rg6+ Kf7 89. Rf6+ Ke7 90. Rxf4 Rxf4 1/2-1/2

[Event "76th Montenegro Championship 2024"]
[Site "Podgorica"]
[Date "2024.02.08"]
[Round "3.14"]
[White "Grbovic, Dino"]
[Black "Nikac, Predrag"]
[Result "1/2-1/2"]
[ECO "A89"]
[WhiteElo "1946"]
[BlackElo "2304"]
[Annotator "TA"]
[PlyCount "81"]
[EventDate "2024.02.06"]
[EventType "swiss"]
[EventCountry "MNE"]
[SourceTitle "playchess.com"]
[Source "ChessBase"]
[SourceQuality "1"]
[TimeControl "40/5400+30:1800+30"]

1. d4 f5 2. g3 Nf6 3. Bg2 g6 4. c4 d6 5. Nf3 Bg7 6. O-O O-O 7. Nc3 Nc6 8. d5 Na5 9. b3 Ne4 {[%emt 0:06:59] [#]} 10. Nxe4 Bxa1 (10... fxe4 11. Nd4) 11. Neg5 {[%emt 0:00:20] Bd2 would now be deadly. White is better.} c5 12. Bd2 Bg7 13. Qe1 {[%emt 0:01:24] White is more active.} b6 14. e4 Qe8 15. exf5 $1 Bxf5 16. Nh4 Bd7 17. Be4 $1 {[%emt 0:09:19][%cal Og5h7] Strongly threatening Nxh7!} ({Of course not} 17. Bc3 $6 Bxc3 18. Qxc3 Rf6 $11) 17... Rf6 18. Bc3 {[%emt 0:08:55][%cal Og5h7] Black must now prevent Nxh7!} h6 {[%emt 0:03:39] A mistake that costs the game.} (18... Rf7 $16) 19. Bxf6 exf6 20. Ne6 f5 {[%emt 0:00:14] [#]} 21. Nc7 $1 {[%emt 0:06:23][%csl LRa8,LRe8] A dynamic duo of knights.} Qf7 (21... Qb8 {was necessary.}) 22. Nxa8 $18 fxe4 23. Qxe4 g5 24. Ng6 Bd4 25. Ne7+ Kf8 {[%emt 0:08:42] [#]} 26. Nc6 ({Not} 26. Ng6+ Kg7 $14) 26... Bf5 $2 (26... Nxc6 {might work better.} 27. dxc6 Bh3) 27. Qf3 Nxc6 28. dxc6 Kg7 {[%emt 0:00:24] [#]} 29. Nc7 $1 Qg6 {[%emt 0:13:50] [#]} (29... a6 30. Ne8+) 30. Ne8+ $1 Qxe8 31. Qxf5 {[%emt 0:00:03] And now c7 would win.} Qxc6 {[%emt 0:00:07][%mdl 4096] Endgame. KQR-KQB} 32. h4 {[%emt 0:02:18] Hoping for Re1.} gxh4 33. gxh4 Qe8 34. Kh1 Qa8+ 35. Kh2 Kh8 36. Rg1 Qd8 37. Qh5 Qf8 38. Rg2 Bxf2 39. Qg4 {[%emt 0:00:32] Against Qf4+} (39. Rg5 $142 {Threatens to win with Rf5.} Bd4 40. Rf5) 39... Bd4 40. Re2 Be5+ 41. Kh3 $2 {[%emt 0:31:37] Weighted Error Value: White=0.37/Black=0.45.  Loses game:     	---       	Black=1      Missed win:     	White=1     	---        Mistake:       	White=1     	Black=2      Inaccurate:     	---       	Black=3      OK:         	White=10    	Black=8      Best:        	White=2     	Black=3      Strong:       	White=3     	---} ({White should try} 41. Kg1 $18) 1/2-1/2